 Dungeon Crawl Stone Soup version 0.21.0-30-g47ce8e4cbb (webtiles) character file.

1486 GuyWithAPlan the Skirmisher (level 8, -6/93 HPs)
             Began as a Naga Transmuter on Jan 28, 2018.
             Was an Initiate of Cheibriados.
             Killed from afar by a gnoll sergeant (14 damage)
             ... with a wand of acid (8)
             ... on level 6 of the Dungeon.
             The game lasted 00:20:22 (6358 turns).

GuyWithAPlan the Skirmisher (Naga Transmuter)       Turns: 6358, Time: 00:20:23

Health: -6/93      AC:  2    Str: 15      XL:     8   Next: 80%
Magic:  7/11       EV: 10    Int: 15      God:    Cheibriados [......]
Gold:   164        SH:  4    Dex: 16 (17) Spells: 7/11 levels left

rFire    . . .     SeeInvis +     - Unarmed
rCold    + + .     Gourm    .   (shield currently unavailable)
rNeg     . . .     Faith    .   (armour currently unavailable)
rPois    +         Spirit   .   (helmet currently unavailable)
rElec    +         Reflect  +   (cloak currently unavailable)
rCorr    .         Harm     .   (gloves currently unavailable)
MR       +....                  (no barding)
Stlth    +.........             K - +4 amulet of reflection
HPRegen  0.25/turn              j - +4 ring of dexterity
MPRegen  0.12/turn              C - ring "Qobreoz" {Fire *Drain +Fly rElec}

@: ice-form, corroded, very slow
A: large, see invisible, slow metabolism 1, spit poison 1, AC +2
a: Spit Poison, End Transformation, Bend Time, Renounce Religion, Evoke Flight


You were on level 6 of the Dungeon.
You worshipped Cheibriados.
Cheibriados was noncommittal.
You were not hungry.
You were a creature of crystalline ice.
You visited 2 branches of the dungeon, and saw 7 of its levels.

You collected 164 gold pieces.

Inventory:

Hand Weapons
 p - a +3 hand axe of chopping (melded)
 x - a +4 quarterstaff of chaos
Missiles
 a - 47 arrows
 k - 161 stones
 N - a javelin (quivered)
Armour
 f - a +0 leather armour (melded)
 m - a +0 helmet (melded)
 n - a +0 ring mail
 y - a +0 cloak (melded)
 M - a +2 pair of gloves (melded)
Jewellery
 j - a +4 ring of dexterity (left front paw)
 o - an uncursed ring of stealth
 r - a +2 ring of evasion
 z - an uncursed ring of positive energy
 C - the ring "Qobreoz" (right front paw) {Fire *Drain +Fly rElec}
   (You found it on level 5 of the Dungeon)

   [ring of fire]

   It enhances your fire magic.
   It protects you from fire.
   It makes you vulnerable to cold.
   It insulates you from electricity.
   It lets you fly.
   It causes draining when unequipped.
 K - a +4 amulet of reflection (around neck)
 P - a +2 ring of dexterity
Wands
 E - a wand of flame (17)
 F - a wand of paralysis (13)
Scrolls
 b - a scroll of identify
 h - a scroll of remove curse
 s - 2 scrolls of enchant weapon
 t - 2 scrolls of magic mapping
 w - 3 scrolls of amnesia
 A - a scroll of noise
 D - 2 scrolls of fear
 H - 2 scrolls of teleportation
 L - a scroll of blinking
Potions
 e - a potion of mutation {unknown}
 g - 2 potions of haste
 i - a potion of agility
 q - 2 potions of curing
 u - a potion of cancellation
 v - 3 potions of flight
 G - a potion of degeneration
 I - a potion of might
 J - a potion of brilliance
 O - a potion of heal wounds
Books
 c - a book of Changes

   Spells                             Type                      Level
   a - Beastly Appendage              Transmutation                1
   b - Sticks to Snakes               Transmutation                2
   c - Spider Form                    Transmutation/Poison         3
   d - Ice Form                       Ice/Transmutation            4
   e - Blade Hands                    Transmutation                5
 l - a book of Misfortune

   Spells                             Type                      Level
   a - Confusing Touch                Hexes                        1
   b - Confuse                        Hexes                        3
   c - Gell's Gravitas                Translocation                3
   d - Petrify                        Transmutation/Earth          4
   e - Metabolic Englaciation         Hexes/Ice                    5
   f - Yara's Violent Unravelling     Hexes/Transmutation          5
Comestibles
 d - 10 rations
 B - a chunk of flesh


   Skills:
 + Level 6.5 Fighting
 - Level 3.3 Armour
 - Level 1.5 Dodging
 - Level 3.1 Unarmed Combat
 - Level 2.0 Spellcasting
 - Level 5.0 Transmutations
 - Level 5.1 Ice Magic


You had 7 spell levels left.
You knew the following spells:

 Your Spells              Type           Power        Failure   Level  Hunger
b - Ice Form              Ice/Tmut       ###.....     26%         4    #####..


Dungeon Overview and Level Annotations

Branches:
Dungeon (6/15)             Temple (1/1) D:4

Altars:
Ashenzari
Cheibriados
Dithmenos
Elyvilon
Fedhas
Gozag
Hepliaklqana
Kikubaaqudgha
Makhleb
Nemelex Xobeh
Okawaru
Qazlal
Ru
Sif Muna
Uskayaw
Vehumet
Wu Jian
Xom
Yredelemnul
The Shining One

Shops:
D:4 *


Innate Abilities, Weirdness & Mutations

You cannot wear boots.
((Your serpentine skin is tough. (AC +2)))
You have supernaturally acute eyesight. (SInv)
((Armour fits poorly on your strangely shaped body.))
((Your system is resistant to poisons. (rPois)))
((You cover ground very slowly.))
You have a slow metabolism.
You can spit poison.


Message History

The bolt of acid hits you! The acid corrodes you!
You are splashed with acid!
The acid burns!
A gnoll comes into view. It is wielding a spear.
Casting: Ice Form
Confirm with . or Enter, or press ? or * to list all spells.
You turn into a creature of crystalline ice.
Your +3 hand axe of chopping melds into your body.
Your +0 cloak melds into your body.
Your +0 helmet melds into your body.
Your +2 pair of gloves melds into your body.
Your +0 leather armour melds into your body.
The gnoll shouts!
The gnoll sergeant hits you from afar with a spear!
A gnoll comes into view. It is wielding a whip.
The gnoll sergeant zaps a wand.
The bolt of acid hits you!
* * * LOW HITPOINT WARNING * * *
You are splashed with acid!
The acid burns!
* * * LOW HITPOINT WARNING * * *
You have got your breath back.
The gnoll sergeant zaps a wand.
The bolt of acid hits you!
You die...

**,*,,,,,,,,,* #.#....§<.§# #.
*,,,,,,,,,,,#####'#...##.#§# #.
*,,,,,,,,,,,#......p#.##.#.# #.
*,,,,,,,,,,,#.......#..#.#.# #.
*,#,,,,,,,,,#.......##...#.# #.
*,#.********#.....g.##..##.# #.
###+#.#* #.....g......#.# #.
.......############g#...#..#.# #.
........p.....).Y...##)##..#.###.
.....#.##############...##...<##.
p..,,#.,*****≈≈≈≈**#.....#.#.....
.,,,,##,**≈≈≈,,,,,*#..⌠.≈#.######
,,,,,**,*≈≈,,,*,,,,#...≈≈#.......
,,,,,**,*≈,⌠,,**,,,..§≈≈##.######
,,,,,**,*,,,,,***≈≈≈≈#####.#
,,,,,**,**,,,*########.).#.##
,,,,,**,,**,**#........#>...#


You could see a gnoll sergeant.

Vanquished Creatures
  Pikel (D:6)
  A steam dragon (D:6)
  A phantom (D:5)
  An ogre (D:4)
  A bullfrog (D:5)
  A crimson imp (D:6)
  3 hounds (D:4)
  2 orc priests (D:5)
  Crazy Yiuf (D:2)
  A centaur skeleton (D:4)
  5 orc wizards
  2 worker ants (D:5)
  A hound skeleton (D:5)
  2 gnolls (D:6)
  A howler monkey skeleton (D:4)
  5 adders
  A shadow imp (D:6)
  2 oozes
  2 adder skeletons (D:4)
  A worm (D:2)
  2 dart slugs
  6 leopard geckos
  7 orcs
  4 giant cockroaches
  11 goblins
  2 hobgoblins (D:1)
  8 jackals
  A quokka (D:3)
  A ball python (D:1)
  4 bats
  6 frilled lizards
  A jackal zombie (D:5)
  5 kobolds
  6 rats
99 creatures vanquished.

Vanquished Creatures (others)
  2 black bears (D:6)
  A shadow imp (D:6)
3 creatures vanquished.

Grand Total: 102 creatures vanquished

Notes
Turn   | Place    | Note
-------+----------+-------------------------------------------
     0 | D:1      | GuyWithAPlan the Naga Transmuter began the quest for the Orb.
     0 | D:1      | Reached XP level 1. HP: 18/18 MP: 3/3
   247 | D:1      | Reached XP level 2. HP: 24/25 MP: 3/5
  1091 | D:2      | Reached XP level 3. HP: 31/31 MP: 6/6
  1202 | D:2      | Found a hide-covered altar of Uskayaw.
  1280 | D:2      | Reached XP level 4. HP: 34/38 MP: 7/7
  1286 | D:2      | Learned a level 4 spell: Ice Form
  1354 | D:2      | Found a runed door.
  1611 | D:2      | Noticed Crazy Yiuf
  1621 | D:2      | Killed Crazy Yiuf
  1870 | D:3      | Reached skill level 1 in Ice Magic
  1973 | D:3      | Found a glowing golden altar of the Shining One.
  1990 | D:3      | Reached XP level 5. HP: 38/44 MP: 8/8
  2561 | D:4      | Reached skill level 5 in Transmutations
  2725 | D:4      | Found an ornate altar of the Wu Jian Council.
  2807 | D:4      | Found a sacrificial altar of Ru.
  2825 | D:4      | Became a worshipper of Ru the Awakened
  2847 | D:4      | Reached XP level 6. HP: 38/51 MP: 9/9
  2921 | D:4      | Found a staircase to the Ecumenical Temple.
  2979 | Temple   | Entered the Ecumenical Temple
  3606 | D:4      | Reached skill level 5 in Ice Magic
  3606 | D:4      | Reached XP level 7. HP: 48/57 MP: 10/10
  3688 | D:4      | Found Ninymeux's Assorted Antiques.
  4120 | D:5      | Entered Level 5 of the Dungeon
  4246 | D:5      | Reached skill level 1 in Armour
  4803 | D:5      | Got a clouded tin ring
  4811 | D:5      | Identified the ring "Qobreoz" {Fire *Drain +Fly rElec} (You found it on level 5 of the Dungeon)
  5182 | D:5      | Found a snail-covered altar of Cheibriados.
  5182 | D:5      | Found a hazy altar of Hepliaklqana.
  5183 | D:5      | Found a sparkling altar of Nemelex Xobeh.
  5211 | D:5      | Fell from the grace of Ru
  5211 | D:5      | Became a worshipper of Cheibriados the Contemplative
  5785 | D:6      | Noticed a steam dragon
  5795 | D:6      | Killed a steam dragon
  5795 | D:6      | Reached skill level 3 in Fighting
  5795 | D:6      | Reached XP level 8. HP: 39/69 MP: 7/11
  6284 | D:6      | Noticed Pikel
  6302 | D:6      | Killed Pikel
  6302 | D:6      | Reached skill level 6 in Fighting
  6358 | D:6      | Killed from afar by a gnoll sergeant

Skill      XL: |  1  2  3  4  5  6  7  8 |
---------------+-------------------------+-----
Transmutations | 3 4 5 |  5.0
Ice Magic      | 1 3 5 |  5.1
Armour         | 3 |  3.3
Fighting       | 3 6 |  6.5
Dodging        | |  1.5
Unarmed Combat | |  3.1
Spellcasting   | |  2.0

Action                   |  1- 3 |  4- 6 |  7- 9 || total
-------------------------+-------+-------+-------++-------
Melee: Unarmed           |    17 |       |     5 ||    22
       Headbutt          |     2 |       |       ||     2
       Hand axe          |    26 |    96 |    97 ||   219
       Punch             |       |     1 |     5 ||     6
Throw: Stone             |    28 |     8 |    13 ||    49
       Javelin           |       |       |    11 ||    11
 Cast: Beastly Appendage |     9 |       |       ||     9
       Ice Form          |       |       |     2 ||     2
 Abil: Spit Poison       |    21 |    35 |    22 ||    78
Evoke: Wand              |       |       |     3 ||     3
  Use: Potion            |       |     3 |     3 ||     6
       Scroll            |       |       |    15 ||    15
 Stab: Paralysed         |       |     2 |       ||     2
       Sleeping          |       |     2 |       ||     2
  Eat: Chunk             |     2 |     8 |     3 ||    13
       Ration            |       |       |     2 ||     2
Armor: Ring mail         |    12 |    50 |       ||    62
       Robe              |     2 |       |       ||     2
       Leather armour    |       |       |    55 ||    55
       Skin              |       |       |    15 ||    15
Dodge: Dodged            |    18 |    46 |    57 ||   121
Block: Other             |       |       |    29 ||    29
       Reflection        |       |       |     3 ||     3
